Map: Whispers of Gold

Players

llllllllllll

  • Race: Terran Terran
  • League: Master
  • Spawn Location: 9:00

Tralinols - Winner!

  • Race: Zerg Zerg
  • League: Master
  • Spawn Location: 5:00

VOD

Have the link to the VOD?

Description

Time

  • Played on: Dec. 14, 2024, 8:17 a.m.
  • Length: 17:15
Show
View Real Time Build Order
Export as new Build Order

llllllllllll Terran 

Build Orders: Reaper Expand, Hellion Banshee 

Get SALT Encoding   

  12  0:00  SCV  
  13  0:12  SCV  
  14  0:17  Supply Depot  
  14  0:24  SCV  
  15  0:39  SCV  
  15  0:41  Barracks  
  16  0:44  Refinery  
  16  0:51  SCV  
  17  1:03  SCV  
  18  1:15  SCV  
  19  1:28  Reaper, Orbital Command  
  20  1:45  Command Center  
  20  1:53  Supply Depot  
  20  1:57  SCV  
  21  2:02  Marine  
  22  2:09  SCV  
  23  2:16  Factory  
  23  2:21  Barracks Reactor  
  24  2:22  SCV  
  24  2:44  SCV  
  24  2:47  Command Center  
  25  2:56  SCV  
  25  2:57  Orbital Command  
  26  3:03  Starport  
  26  3:09  Hellion  
  28  3:14  Hellion  
  30  3:21  Barracks Tech Lab, SCV  
  30  3:25  SCV  
  32  3:31  Hellion  
  32  3:33  SCV  
  35  3:37  Hellion, SCV  
  38  3:45  SCV  
  39  3:49  Banshee, SCV  
  39  3:50  Refinery  
  43  3:57  SCV  
  43  3:58  Hellion  
  43  3:59  Hellion  
  47  4:05  SCV  
  47  4:08  Supply Depot  
  49  4:12  Orbital Command  
  49  4:15  SCV  
  47  4:20  Hellion x2  
  47  4:22  Cloaking Field  
  47  4:23  SCV  
  52  4:28  SCV  
  52  4:31  Supply Depot  
  53  4:35  SCV  
  53  4:36  Banshee  
  53  4:38  SCV  
  58  4:44  Barracks Tech Lab, Supply Depot  
  58  4:48  Barracks, SCV  
  59  4:53  SCV x2  
  54  5:02  SCV  
  51  5:07  SCV x2  
  51  5:09  Engineering Bay  
  51  5:12  Stimpack  
  53  5:14  SCV  
  53  5:19  SCV x2  
  56  5:21  Barracks  
  56  5:22  Factory Reactor  
  56  5:26  SCV  
  57  5:28  Engineering Bay  
  57  5:29  Orbital Command  
  57  5:31  SCV  
  57  5:32  Refinery  
  57  5:33  Marine  
  59  5:38  SCV  
  59  5:39  Marine x2  
  59  5:40  Refinery  
  62  5:44  SCV  
  62  5:46  Barracks  
  62  5:48  Barracks  
  62  5:49  Starport Reactor  
  63  5:50  Marine, SCV  
  63  5:56  SCV  
  66  5:57  SCV  
  66  5:59  Marine  
  66  6:03  Terran Infantry Weapons Level 1, Terran Infantry Armor Level 1  
  68  6:07  SCV, Supply Depot  
  68  6:08  SCV  
  70  6:12  SCV  
  70  6:13  Supply Depot  
  70  6:15  Siege Tank  
  70  6:16  Marine x2  
  70  6:17  Marine  
  70  6:18  Marine  
  77  6:19  SCV  
  77  6:21  SCV  
  77  6:24  SCV  
  81  6:31  SCV  
  81  6:32  Marine, Supply Depot  
  83  6:33  SCV  
  83  6:34  Marine x3  
  83  6:35  Marine  
  83  6:39  Supply Depot  
  88  6:41  Medivac  
  90  6:52  Combat Shield  
  90  6:53  Bunker  
  91  6:54  SCV x2  
  91  6:55  Marine x3, Supply Depot  
  91  6:56  Barracks Reactor  
  91  6:58  Barracks Reactor  
  95  7:01  Medivac  
  95  7:02  SCV  
  98  7:09  SCV x2  
  98  7:10  Marine x2  
  98  7:14  SCV, Armory  
  103  7:17  Marine  
  103  7:18  Marine x2  
  106  7:24  SCV, Supply Depot  
  106  7:28  Marine x2  
  109  7:32  SCV  
  109  7:33  Marine  
  109  7:34  Marine x3  
  109  7:35  Siege Tank  
  117  7:41  SCV x2  
  119  7:48  Marine x2  
  119  7:51  Marine x2  
  117  7:53  Marine x2, Medivac x2  
  117  7:54  Marine x3  
  117  7:57  Supply Depot  
  128  8:00  Supply Depot  
  128  8:06  Marine x2  
  128  8:09  Marine x2  
  128  8:11  Marine x2, Siege Tank  
  128  8:12  Terran Infantry Armor Level 2, Terran Infantry Weapons Level 2  
  133  8:18  Supply Depot x2  
  133  8:19  SCV x2  
  135  8:24  Medivac x2  
  135  8:26  Marine  
  140  8:27  Marine x2  
  140  8:32  Marine x2  
  140  8:33  Marine  
  145  8:40  Command Center  
  145  8:41  Marine  
  145  8:42  Marine x2, Refinery  
  145  8:43  Refinery  
  145  8:44  Marine  
  145  8:45  Marine x2  
  140  8:52  SCV  
  140  8:53  SCV  
  131  8:56  Medivac  
  131  9:01  Bunker  
  133  9:05  Supply Depot  
  133  9:06  Supply Depot  
  133  9:22  Marine  
  133  9:23  Marine x3, Command Center, SCV  
  133  9:24  Marine, SCV  
  133  9:26  Marine x3, Medivac, Siege Tank  
  133  9:28  Marine  
  133  9:29  Terran Vehicle Weapons Level 1  
  133  9:30  Supply Depot  
  133  9:31  Supply Depot  
  142  9:40  Marine  
  142  9:41  Marine x2  
  142  9:42  Marine, Supply Depot  
  142  9:44  Factory, Supply Depot  
  146  9:51  Supply Depot  
  146  9:53  Marine x5  
  146  9:58  Marine, Siege Tank  
  146  9:59  Marine x2  
  157  10:05  Marine, Barracks x2  
  157  10:07  Barracks  
  158  10:11  Marine  
  149  10:16  Marine x3  
  149  10:18  Marine x3, Marauder  
  149  10:30  Terran Infantry Weapons Level 3  
  149  10:31  Siege Tank, Terran Infantry Armor Level 3  
  152  10:38  SCV  
  152  10:40  Factory Reactor  
  153  10:43  SCV  
  153  10:49  Marine x3  
  155  10:50  Marine x5, Marauder  
  164  10:58  Barracks Tech Lab x3  
  164  11:03  Siege Tank  
  153  11:07  Marine  
  153  11:08  Marine x7  
  132  11:11  Planetary Fortress  
  132  11:17  SCV x3  
  122  11:24  Marine x2, Widow Mine x2  
  128  11:29  SCV x3  
  131  11:34  Marine  
  131  11:35  Marine, Siege Tank, Marauder  
  138  11:40  Marine x3  
  138  11:41  Marine, SCV x3  
  145  11:48  Widow Mine x2  
  145  11:53  SCV x2  
  145  11:54  Marine x2, SCV x2  
  153  11:55  Marine  
  153  11:56  Marine, Sensor Tower  
  153  11:57  Marauder  
  159  12:07  Widow Mine  
  160  12:09  Widow Mine  
  160  12:14  Marine x4  
  153  12:20  Marine x3  
  134  12:26  SCV x2  
  134  12:28  Marine x5  
  125  12:34  Command Center  
  125  12:36  Bunker, Command Center  
  125  12:38  Supply Depot  
  125  12:39  Marine x3, Supply Depot  
  125  12:40  Supply Depot  
  128  12:44  Widow Mine x2  
  128  12:45  Siege Tank  
  128  12:47  SCV x2  
  128  12:50  SCV x2  
  139  12:54  Marine  
  139  12:55  Marine x5  
  145  12:59  SCV x2  
  145  13:02  SCV x2  
  146  13:09  Marine x4  
  146  13:11  SCV  
  138  13:17  Siege Tank  
  138  13:19  Factory Tech Lab  
  133  13:23  Marine x6, Sensor Tower  
  139  13:30  Terran Vehicle Weapons Level 2  
  139  13:31  Marine x5  
  144  13:35  Ghost Academy  
  144  13:47  Command Center  
  144  13:49  Siege Tank  
  144  13:52  Siege Tank  
  144  13:53  Orbital Command  
  150  14:01  Sensor Tower  
  150  14:02  Missile Turret  
  150  14:08  Marine x3, Ghost  
  150  14:09  Ghost  
  158  14:12  SCV  
  158  14:19  Ghost x2  
  158  14:21  Siege Tank  
  158  14:24  Siege Tank  
  164  14:30  Marine x3  
  140  14:34  SCV  
  140  14:37  Ghost  
  137  14:40  Marine x2, SCV  
  137  14:41  SCV x2  
  137  14:44  Planetary Fortress  
  141  14:52  Marine x4  
  145  14:53  Siege Tank  
  145  14:55  SCV  
  145  14:56  SCV x2  
  145  14:59  Orbital Command  
  132  15:15  Marine x5  
  131  15:22  Planetary Fortress, Siege Tank  
  131  15:25  Siege Tank  
  131  15:26  SCV x4  
  141  15:31  Sensor Tower  
  141  15:37  SCV  
  142  15:43  Missile Turret  
  142  15:44  Missile Turret  
  138  15:54  Siege Tank  
  138  15:55  SCV  
  138  15:56  SCV  
  115  16:04  SCV x2  
  115  16:06  Ghost x2  
  115  16:08  SCV x2  
  115  16:11  Medivac  
  126  16:16  SCV x2  
  128  16:20  SCV x2  
  128  16:22  Orbital Command  
  130  16:28  SCV x2  
  130  16:32  Ghost x2  
  132  16:38  Marine x4  
  142  16:40  Marine  
Show
View Real Time Build Order
Export as new Build Order

Tralinols Zerg - Winner!

Build Orders: Hatch First, Lurkers 

Get SALT Encoding   

  12  0:00  Drone  
  13  0:12  Overlord  
  13  0:18  Drone  
  14  0:30  Drone x2  
  16  0:47  Hatchery  
  15  0:51  Drone  
  15  0:55  Drone  
  17  0:58  Drone  
  18  1:10  Extractor  
  17  1:14  Spawning Pool  
  17  1:18  Drone  
  17  1:21  Drone  
  18  1:29  Drone  
  19  1:39  Drone  
  20  1:52  Drone  
  21  2:00  Queen  
  21  2:01  Queen, Zergling x4  
  27  2:21  Hatchery  
  26  2:23  Drone  
  26  2:24  Drone  
  28  2:33  Metabolic Boost  
  28  2:35  Overlord  
  28  2:53  Drone x5  
  33  2:59  Queen  
  33  3:02  Overlord  
  35  3:10  Spore Crawler  
  35  3:24  Drone x4  
  35  3:25  Drone  
  35  3:26  Drone x2  
  42  3:30  Overlord  
  42  3:41  Queen x2  
  42  3:42  Overlord  
  42  3:46  Drone x3  
  49  3:48  Overlord  
  49  4:00  Overlord  
  49  4:02  Zergling x4  
  51  4:03  Zergling x8  
  51  4:07  Drone x2  
  51  4:08  Drone  
  58  4:18  Drone x6  
  58  4:23  Queen  
  66  4:28  Overlord  
  66  4:29  Drone x2  
  68  4:34  Drone x3  
  71  4:40  Lair  
  71  4:43  Baneling Nest, Drone  
  71  4:44  Drone  
  64  5:10  Zergling x14  
  64  5:12  Spore Crawler x2  
  64  5:14  Hatchery  
  67  5:15  Spore Crawler  
  67  5:18  Drone x2  
  67  5:19  Extractor  
  67  5:20  Extractor  
  66  5:29  Evolution Chamber, Drone x6  
  66  5:32  Evolution Chamber  
  70  5:38  Drone x7  
  70  5:42  Drone x2  
  79  5:46  Overseer  
  77  6:01  Drone x6  
  81  6:05  Zerg Melee Weapons Level 1, Zerg Ground Armor Level 1  
  81  6:08  Zergling x2  
  81  6:10  Overlord x3  
  82  6:20  Centrifugal Hooks  
  82  6:21  Overlord x2  
  82  6:30  Drone x12  
  94  6:40  Extractor, Overseer  
  94  6:41  Queen  
  94  6:46  Hatchery  
  90  6:51  Drone x2  
  90  6:52  Drone x5  
  90  6:53  Drone x4  
  90  6:54  Drone  
  101  6:59  Zergling x14  
  108  7:02  Baneling x4  
  108  7:10  Zergling x2  
  108  7:11  Zergling x8  
  113  7:17  Zergling x2  
  113  7:18  Zergling x8  
  113  7:20  Overlord  
  118  7:23  Overlord  
  118  7:26  Overlord  
  118  7:27  Zergling x2  
  118  7:28  Zergling x4  
  121  7:30  Hydralisk Den  
  120  7:38  Zergling x12  
  123  7:51  Zergling x14  
  118  7:56  Zergling x10  
  129  8:05  Zergling x14  
  135  8:14  Muscular Augments  
  135  8:15  Zerg Ground Armor Level 2, Zerg Melee Weapons Level 2  
  135  8:16  Zergling x10  
  140  8:20  Baneling x5  
  140  8:21  Baneling, Hatchery  
  139  8:28  Baneling x11  
  139  8:30  Zergling x18  
  139  8:31  Zergling x14  
  133  8:53  Zergling x36  
  129  9:00  Hydralisk x6  
  139  9:07  Baneling  
  139  9:08  Baneling  
  134  9:14  Queen  
  126  9:18  Grooved Spines  
  126  9:35  Hatchery, Hydralisk x6  
  126  9:36  Zergling x18  
  145  9:42  Extractor  
  145  9:43  Extractor  
  145  9:44  Extractor  
  145  9:45  Extractor  
  141  9:46  Zergling x10  
  146  9:57  Drone x12  
  146  9:59  Baneling  
  158  10:00  Baneling x11  
  158  10:02  Baneling  
  158  10:04  Baneling  
  145  10:23  Infestation Pit, Zergling x26  
  157  10:29  Baneling x6  
  157  10:44  Overlord x2  
  157  10:45  Overlord x4  
  157  10:46  Overlord  
  157  10:48  Zerg Missile Weapons Level 1  
  156  10:52  Baneling x2, Hatchery, Lurker Den  
  156  10:54  Zergling x4  
  156  10:55  Overlord x3  
  145  11:08  Zergling x2  
  145  11:09  Zergling x42  
  148  11:22  Zergling x22  
  148  11:24  Hive  
  156  11:30  Baneling x4  
  156  11:36  Baneling  
  156  11:37  Baneling x9  
  156  11:39  Zergling x16  
  167  11:40  Zergling x6  
  167  11:47  Overseer  
  167  11:48  Overseer x2  
  167  11:49  Pneumatized Carapace  
  167  11:51  Zergling x10  
  167  11:52  Zergling x8  
  176  11:54  Baneling x10  
  176  12:00  Zergling x12  
  176  12:01  Zergling x2  
  136  12:27  Zergling x2  
  136  12:28  Zergling x52  
  136  12:40  Seismic Spines  
  136  12:41  Lurker  
  136  12:42  Viper x2  
  136  12:43  Lurker x3  
  146  12:48  Drone x2  
  146  12:49  Drone  
  146  12:50  Extractor, Zergling x14  
  146  12:51  Zergling x2  
  156  12:56  Baneling x10  
  156  12:57  Baneling  
  154  13:02  Zergling x10  
  144  13:26  Drone  
  144  13:27  Drone x5  
  150  13:36  Lurker x3  
  150  13:37  Zergling x50  
  150  13:38  Zergling x2  
  179  13:42  Adrenal Glands  
  179  13:44  Adaptive Talons  
  179  13:53  Baneling x5  
  179  13:57  Baneling  
  179  13:58  Baneling x8  
  179  14:07  Zergling x26  
  149  14:32  Hydralisk x4  
  149  14:33  Zergling x14  
  149  14:34  Zergling x24  
  149  14:36  Baneling x7  
  149  14:37  Baneling x4  
  161  14:45  Zerg Missile Weapons Level 2  
  161  14:49  Overseer  
  161  14:54  Baneling x10  
  155  15:02  Zergling x22  
  137  15:14  Hydralisk x3  
  137  15:15  Zergling x10  
  137  15:16  Zergling x2  
  149  15:24  Viper x2  
  156  15:28  Drone x4  
  156  15:29  Drone x2  
  156  15:34  Baneling x3  
  161  15:37  Burrow  
  160  15:46  Hydralisk x3  
  160  15:47  Hydralisk x4, Zergling x2  
  160  15:48  Zergling x4  
  167  15:55  Zergling x14  
  140  16:01  Hydralisk x3  
  140  16:02  Hydralisk  
  140  16:07  Lurker  
  140  16:08  Hydralisk x2  
  143  16:15  Lurker x5  
  143  16:16  Lurker  
  149  16:23  Hydralisk x4  
  157  16:27  Zergling x12  
  157  16:28  Zergling x2  
Tags
 
Add a new tag
Caveats
  • Supply blocks, unpowered buildings, or Contaminate may cause inaccurate times.
  • Supply counts are checked every 10 seconds.